 Dungeon Crawl Stone Soup version 0.30-a0-121-gb27577e5d9 (webtiles) character file.

Game seed: 114893821392507686

65863 ytrimaz the Severer (level 14, -11/114 HPs)
             Began as a Demonspawn Gladiator on Sept 14, 2022.
             Was a Follower of Jiyva.
             Mangled by an orc warlord
             ... wielding a +2 war axe of freezing
              (32 damage)
             ... on level 1 of the Orcish Mines on Sept 15, 2022.
             The game lasted 00:33:32 (20977 turns).

ytrimaz the Severer (Demonspawn Gladiator)         Turns: 20977, Time: 00:33:33

Health: -11/114    AC: 28    Str: 19    XL:     14   Next: 77%
Magic:  15/15      EV: 10    Int: 11    God:    Jiyva [*.....]
Gold:   564        SH:  0    Dex: 18    Spells: 13/13 levels left

rFire   . . .      SeeInvis .    a - +4 executioner's axe (flame)
rCold   . . .      Faith    .    (shield currently unavailable)
rNeg    . . .      Spirit   .    V - +6 plate armour "Gagroyra" {Dex+4}
rPois   +          Reflect  .    (helmet restricted)
rElec   +          Harm     .    R - +2 cloak {rPois}
rCorr   +          Rampage  .    P - +2 pair of gloves of the Irksome God {rElec}
Will    ++...                    (boots unavailable)
Stlth   ..........               W - amulet of magic regeneration
HPRegen 1.09/turn                Z - ring of willpower
MPRegen 0.79/turn                J - ring of resist corrosion

@: no status effects
A: hooves 3, repulsion field 2, ignite blood 1, spiny 2, bedeviling, horns 1,
high MP 1
a: Renounce Religion


You were on level 1 of the Orcish Mines.
You worshipped Jiyva.
Jiyva was aware of your devotion.
You visited 4 branches of the dungeon, and saw 19 of its levels.
You also visited: Bailey and Ice Cave.

You collected 1427 gold pieces.
You spent 863 gold pieces at shops.


Innate Abilities, Weirdness & Mutations

You have hooves in place of feet.
You are surrounded by a moderate repulsion field. (EV +3)
Your demonic aura sometimes causes spilled blood to erupt in flames.
You are mostly covered in sharp spines.
Your hexes are more powerful.
You have a pair of small horns on your head.
You have an increased reservoir of magic. (+10% MP)


   Skills:
 + Level 11.7 Fighting
 + Level 20.2 Axes
 - Level 1.7 Throwing
 - Level 11.4 Armour
 - Level 2.6 Dodging


You had 13 spell levels left.
You didn't know any spells.
Your spell library contained the following spells:

 Spells                   Type           Power      Damage    Failure   Level
 Foxfire                  Conj/Fire      0%         2x1d4     99%         1
 Summon Small Mammal      Summ           0%         N/A       99%         1
 Cigotuvi's Dreadful Rot  Necr/Pois/Air  0%         N/A       100%        2
 Ensorcelled Hibernation  Hex/Ice        0%         N/A       100%        2
 Passwall                 Tmut/Erth      0%         N/A       100%        2
 Poisonous Vapours        Pois/Air       0%         N/A       100%        2
 Call Canine Familiar     Summ           0%         N/A       100%        3
 Dazzling Flash           Conj/Hex       0%         N/A       100%        3
 Frozen Ramparts          Ice            0%         1d1       100%        3
 Gell's Gravitas          Tloc           0%         N/A       100%        3
 Ozocubu's Armour         Ice            0%         N/A       100%        3
 Summon Guardian Golem    Hex/Summ       0%         N/A       100%        3
 Swiftness                Air            0%         N/A       100%        3
 Teleport Other           Tloc           0%         N/A       100%        3
 Ice Form                 Ice/Tmut       0%         N/A       100%        4
 Summon Ice Beast         Ice/Summ       0%         N/A       100%        4
 Summon Lightning Spire   Summ/Air       0%         N/A       100%        4
 Agony                    Necr           0%         N/A       100%        5
 Silence                  Hex/Air        0%         N/A       100%        5
 Dispersal                Tloc           0%         N/A       100%        6
 Ozocubu's Refrigeration  Ice            0%         4d7       100%        7
 Storm Form               Tmut/Air       0%         N/A       100%        7
 Maxwell's Capacitive Co  Air            0%         ∞         100%        8
 Chain Lightning          Conj/Air       0%         N/A       100%        9
 Fire Storm               Conj/Fire      0%         5d1       100%        9
 Shatter                  Erth           0%         3d5*      100%        9

Inventory:

Hand Weapons
 a - a +4 executioner's axe of flaming (weapon)
   (You acquired it on level 8 of the Dungeon)
 n - a +1 vorpal war axe
   (You took it off Blork the orc on level 4 of the Dungeon)
 o - a +4 battleaxe
   (You took it off a wight on level 7 of the Dungeon)
Missiles
 d - 7 throwing nets
 e - 7 javelins
Armour
 M - a +3 troll leather armour {Snorg}
   (You found it on level 10 of the Dungeon)
 P - the +2 pair of gloves of the Irksome God (worn) {rElec}
   (You acquired it on level 11 of the Dungeon)

   rElec:     It insulates you from electricity.
 R - a +2 cloak of poison resistance (worn)
   (You took it off Maurice on level 12 of the Dungeon)
 V - the +6 plate armour "Gagroyra" (worn) {Dex+4}
   (You bought it in a shop on level 7 of the Dungeon)

   Dex:       It affects your dexterity (+4).
Jewellery
 l - a ring of ice
   (You took it off Fannar on level 1 of the Orcish Mines)
 m - a +6 ring of dexterity
   (You found it on level 2 of the Lair of Beasts)
 s - a ring of see invisible
   (You found it on level 3 of the Dungeon)
 v - a +6 ring of dexterity
   (You found it on level 5 of the Dungeon)
 y - a ring of positive energy
   (You found it on level 4 of the Lair of Beasts)
 J - a ring of resist corrosion (right hand)
   (You found it on level 9 of the Dungeon)
 U - a ring of magical power
   (You found it on level 12 of the Dungeon)
 W - an amulet of magic regeneration (around neck)
   (You found it on level 1 of the Lair of Beasts)
 X - a +4 ring of protection
   (You found it on level 1 of the Lair of Beasts)
 Z - a ring of willpower (left hand)
   (You found it on level 2 of the Lair of Beasts)
Wands
 u - a wand of light (10)
   (You found it on level 5 of the Dungeon)
 w - a wand of iceblast (10)
   (You found it on level 5 of the Dungeon)
 A - a wand of flame (54) (quivered)
   (You found it on level 8 of the Dungeon)
 H - a wand of digging (6)
   (You found it on level 7 of the Dungeon)
 N - a wand of polymorph (9)
   (You found it on level 10 of the Dungeon)
 T - a wand of paralysis (3)
   (You found it on level 12 of the Dungeon)
Scrolls
 b - 5 scrolls of vulnerability
 c - 5 scrolls of magic mapping
 g - 4 scrolls of amnesia
 h - 4 scrolls of identify
 j - 6 scrolls of fear
 t - 7 scrolls of teleportation
 x - a scroll of noise
 z - 2 scrolls of poison
 F - a scroll of brand weapon
 I - a scroll of butterflies
 K - a scroll of silence
 S - 2 scrolls of enchant armour
 Y - 2 scrolls of blinking
Potions
 f - 5 potions of mutation
 k - 3 potions of attraction
 p - 6 potions of curing
 q - 3 potions of resistance
 r - 2 potions of might
 B - 6 potions of cancellation
 C - 5 potions of heal wounds
 D - 3 potions of brilliance
 E - a potion of haste
 G - 2 potions of invisibility
 L - a potion of flight
 Q - 2 potions of lignification
Miscellaneous
 i - a phial of floods
   (You found it in an ice cave)
 O - a box of beasts
   (You found it on level 10 of the Dungeon)

Dungeon Overview and Level Annotations

Branches:
Dungeon (12/15) Zot: 25312  Temple (1/1) D:5 Zot: 5831    Lair (5/5) D:10 Zot: 23709
  Swamp (0/4) Lair:2        Snake (0/4) Lair:3        Slime (0/5) Lair:4
    Orc (1/2) D:12 Zot: 5933  Bailey (visited)           IceCv (visited)

Altars:
Ashenzari
Cheibriados
Dithmenos
Fedhas
Gozag
Hepliaklqana
Kikubaaqudgha
Makhleb
Nemelex Xobeh
Okawaru
Qazlal
Ru
Sif Muna
Trog
Uskayaw
Vehumet
Wu Jian
Xom
Yredelemnul
Jiyva

Shops:
D:1 *   D:4 *   D:7 *   D:8 (   D:11 *

Annotations:
D:5 3 runed translucent doors, Zvl3's ghost, novice MiMo
D:6 3 runed translucent doors, valliere's ghost, novice KoEn
Lair:5 exclusion: obsidian statue ###. #oo.. #hooo# ####hooo## ##.#oooooo.

##. #..@# ##..#
##.### #....
#....###
##.....####......#
#... #$.#....#...#
#....
#..)).###....#
#...####J.)##
....#
#....#...#...#
.### #.......#...#
##


You could see an orc warlord (strong), an orc knight (strong), 2 wargs, 6 orc
warriors, an orc priest (strong), 5 orcs and a neutral jelly (wandering) (fellow
slime).


Message History

You kill the ogre!
The orc warlord roars a battlecry!
You hear a shout!
You hear a howl! 😕 HP[+1] Unknown command.
You chop the orc warrior into pieces!!! You burn the orc warrior.
You kill the orc warrior!
You hear a shout!
The orc warlord unwields a +2 war axe of freezing.
The orc warlord wields a +0 arbalest.
The orc warlord shoots a bolt.
The bolt completely misses you. 😕 HP[+1]
An orc comes into view. It is wielding a +0 flail.
The orc shouts!
You hear a shout!
You hear a howl!
You hear a shout! x2
The orc warlord shoots a bolt.
The bolt hits you!
The orc moves out of view.
You hear a howl!
You hear a shout!
An orc warrior comes into view. It is wielding a +0 mace.
You see here a +0 giant club. 😕 HP[-8]
You take 8 damage, and now have 94/114 hp.
The orc warlord shoots a bolt.
The bolt completely misses you.
The orc warrior moves out of view.
You hear a shout! x2 😕 HP[+1] Unknown command.
A warg comes into view.
The warg howls!
The orc warlord roars a battlecry! 😕 HP[+2]
You regained 2 hp, and now have 97/114 hp.
The orc warlord roars a battlecry!
You hear a shout! 😕 HP[+1]
A warg, an orc, an orc warrior and an orc knight come into view.
The orc knight is wielding a +3 great sword of venom.
The warg howls!
The orc shouts!
The orc warrior shouts!
The orc knight shouts!
An orc warrior comes into view. It is wielding a +0 mace.
An orc comes into view. It is wielding a +0 club.
The orc warlord roars a battlecry!
You hear a shout! x2 😕 HP[+1] 5 orcs and an ogre come into view.
An orc knight is wielding a +1 long sword of holy wrath.
The orc warrior shouts!
The orc shouts!
The orc priest shouts!
The orc knight shouts!
The ogre shouts!
The orc warlord unwields a +0 arbalest.
The orc warlord wields a +2 war axe of freezing.
It glows with a cold blue light!
The orc warlord is struck by your spines.
The orc warlord hits you but does no damage.
The orc moves out of view.
The ogre moves out of view.
An orc warrior comes into view.
It is wielding a +0 long sword. 😕 HP[+1]
You hit the orc warlord but do no damage.
You kick the orc warlord, but do no damage.
The orc warlord hits you with a +2 war axe of freezing.
The orc warlord freezes you. 😕 HP[-8]
You take 8 damage, and now have 92/114 hp.
Unknown command.
You hit the orc warlord but do no damage.
Your kick misses the orc warlord.
You headbutt the orc warlord, but do no damage.
The orc warrior hits you but does no damage.
You barely miss the orc warlord.
You kick the orc warlord, but do no damage.
The orc warlord roars a battlecry!
The orc knight roars a battlecry!
The orc warlord goes into a battle-frenzy!
The orc warrior closely misses you.
An orc comes into view. It is wielding a +0 dagger. 😕 HP[+2]
You regained 2 hp, and now have 94/114 hp.
You barely miss the orc warlord.
You headbutt the orc warlord, but do no damage.
The orc no longer looks unusually strong.
The orc warlord hits you with a +2 war axe of freezing!!
The orc warlord freezes you!
* * * LOW HITPOINT WARNING * * *
The orc warrior hits you from afar with a +0 halberd.
* * * LOW HITPOINT WARNING * * *
The orc knight roars a battlecry!
The orc goes into a battle-frenzy!
An orc warrior comes into view.
It is wielding a +0 glaive and wearing a +0 plate armour of fire resistance.
You are too injured to fight recklessly! 😨 HP[-44]
You take 44 damage, and now have 50/114 hp.
MASSIVE DAMAGE!! (PAUSE)
You barely miss the orc warlord. You kick the orc warlord.
You headbutt the orc warlord, but do no damage.
The orc warlord hits you with a +2 war axe of freezing!!
* * * LOW HITPOINT WARNING * * *
The orc warlord freezes you!
* * * LOW HITPOINT WARNING * * *
The orc warrior barely misses you. 😱 HP[-29]
You take 29 damage, and now have 21/114 hp.
MASSIVE DAMAGE!! (PAUSE)
The orc warlord attacks as you move away!
The orc warlord hits you with a +2 war axe of freezing!!
You die...

Skill      XL: |  1  2  3  4  5  6  7  8  9 10 11 12 13 14 |
---------------+-------------------------------------------+-----
Axes           | 3 4 5 6 8 9 11 13 15 18 20 | 20.2
Fighting       | 3 4 5 6 8 10 11 | 11.7
Armour         | 6 11 | 11.4
Throwing       | |  1.7
Dodging        | |  2.6

Action                   |  1- 3 |  4- 6 |  7- 9 | 10-12 | 13-15 || total
-------------------------+-------+-------+-------+-------+-------++-------
Melee: Hand axe          |    74 |    76 |       |       |       ||   150
       War axe           |     8 |    25 |   180 |    45 |       ||   258
       Headbutt          |     6 |    22 |    42 |    56 |    87 ||   213
       Punch             |       |       |     2 |       |       ||     2
       Battleaxe         |       |       |    14 |       |       ||    14
       Executioner's axe |       |       |       |   258 |   321 ||   579
       Kick              |       |       |       |       |    65 ||    65
Evoke: Wand              |       |       |     3 |     1 |       ||     4
  Use: Scroll            |     6 |     7 |     9 |    10 |     1 ||    33
       Potion            |     1 |     4 |       |     4 |     7 ||    16
 Stab: Sleeping          |     1 |       |     2 |       |       ||     3
       Invisible         |       |       |     2 |       |       ||     2
       Petrified         |       |       |       |       |     2 ||     2
Armor: Leather armour    |    26 |     2 |       |       |       ||    28
       Ring mail         |       |    27 |    73 |    12 |       ||   112
       Plate armour      |       |       |       |    69 |   287 ||   356
       Troll leather arm |       |       |       |    79 |       ||    79
Dodge: Dodged            |    50 |    66 |   169 |   261 |   175 ||   721

Levels and vault maps discovered:
D:1:      beargit_arrival_diablo_church, layout_loops_ring, serial_shops, shop
D:2:      layout_basic
D:3:      layout_loops_ring
D:4:      layout_loops_ring, elyvilon_altar_4, nicolae_ru_awakened_eye,
          nicolae_gozag_zags_fifth_avenue, uniq_blork_the_orc, uniq_natasha
D:5:      layout_cave_pools, grunt_temple_overflow_open,
          minmay_temple_entry_enclosed_plants, gammafunk_ghost_icy,
          minmay_chambers_of_fives
D:6:      layout_cave_pools, palyth_temple_overflow_mages,
          biasface_ghost_orc_armoury, minmay_between
D:7:      layout_basic, serial_shops, nicolae_diamond_shop
D:8:      layout_loops_ring, enter_bailey_3, serial_shops, nicolae_diamond_shop
D:9:      layout_rooms
D:10:     layout_roguey, lair_entry_dummy, uniq_snorg
D:11:     layout_rooms, serial_shops, nicolae_shop_advertising_works
          [nicolae_subvault_shop_adworks], minmay_crystal_room,
          vehumet_altar_wand_db
D:12:     layout_roguey, david_orc_3, minmay_circle_x, uniq_maurice
Temple:   nicolae_temple_bog_church
Lair:1:   layout_small_grid
Lair:2:   layout_cave_pods, swamp_mist, grunt_megastairs_3,
          serial_bayou_shore_b, lemuel_fruit_tree
Lair:3:   layout_cave_pods, minmay_snake_entry_six_corridors,
          infiniplex_staircase_pool_2, grunt_megastairs_5
Lair:4:   layout_cave_pods, nicolae_slime_entry_slimehenge,
          portal_ice_cave_entry_ice_simulacra
Lair:5:   due_jungle_book, layout_loops_ring
Orc:1:    layout_diamond_mine, uniq_erolcha, uniq_fannar, uniq_gastronok

Notes
Turn   | Place    | Note
-------+----------+-------------------------------------------
     0 | D:1      | ytrimaz the Demonspawn Gladiator began the quest for the
                  | Orb.
     0 | D:1      | Reached XP level 1. HP: 16/16 MP: 1/1
     0 | D:1      | magus.rc [v1.9.6]
   381 | D:1      | Found Tuonut's General Store.
   484 | D:1      | Reached skill level 3 in Axes
   512 | D:1      | Gained mutation: You are partially covered in sharp spines.
                  | [demonic ancestry]
   512 | D:1      | Reached XP level 2. HP: 23/23 MP: 2/2
   755 | D:1      | Gained mutation: You have a pair of small horns on your
                  | head. [potion of mutation]
   755 | D:1      | Gained mutation: You have an increased reservoir of magic.
                  | (+10% MP) [potion of mutation]
   755 | D:1      | Gained mutation: You are clumsy. (Dex -2) [potion of
                  | mutation]
   755 | D:1      | Lost mutation: You are clumsy. (Dex -2) [potion of
                  | mutation]
  1367 | D:2      | Gained mutation: You are surrounded by a mild repulsion
                  | field. (EV +2) [demonic ancestry]
  1367 | D:2      | Reached XP level 3. HP: 28/28 MP: 3/3
  1379 | D:2      | Reached skill level 3 in Fighting
  1602 | D:2      | Reached XP level 4. HP: 35/35 MP: 4/4
  1910 | D:2      | You pick up a book of the Senses and begin reading...
  1910 | D:2      | You add the spells Dazzling Flash, Agony and Silence to
                  | your library.
  2161 | D:3      | You pick up a book of Rime and begin reading...
  2161 | D:3      | You add the spells Frozen Ramparts, Ice Form and Summon Ice
                  | Beast to your library.
  2242 | D:3      | Reached skill level 4 in Axes
  2487 | D:3      | Gained mutation: You are mostly covered in sharp spines.
                  | [demonic ancestry]
  2487 | D:3      | Reached XP level 5. HP: 42/42 MP: 5/5
  2702 | D:3      | Reached skill level 4 in Fighting
  3230 | D:4      | Found Gozag's Platinum Reserve.
  3325 | D:4      | Found an opulent altar of Gozag.
  3407 | D:4      | Noticed Blork the orc
  3414 | D:4      | Killed Blork the orc
  3415 | D:4      | Reached skill level 5 in Axes
  3415 | D:4      | Gained mutation: You have large cloven feet. [demonic
                  | ancestry]
  3415 | D:4      | Reached XP level 6. HP: 44/50 MP: 6/6
  3569 | D:4      | Noticed Natasha
  3576 | D:4      | Killed Natasha
  3577 | D:4      | Reached skill level 5 in Fighting
  3641 | D:4      | Noticed Natasha
  3646 | D:4      | Killed Natasha
  3795 | D:4      | Found a sacrificial altar of Ru.
  3889 | D:5      | Entered Level 5 of the Dungeon
  3986 | D:5      | Identified the +5 dagger of Divine Blind Justice {holy,
                  | *Noise Int+4 Dex+4 Stlth+}
  3995 | D:5      | Noticed an ice beast
  4007 | D:5      | Reached XP level 7. HP: 46/57 MP: 7/7
  4011 | D:5      | HP: 5/57 [ice beast (13)]
  4022 | D:5      | Reached skill level 6 in Fighting
  4382 | D:5      | Found a sparkling altar of Nemelex Xobeh.
  4383 | D:5      | Found a blossoming altar of Fedhas.
  4389 | D:5      | Reached skill level 6 in Axes
  4390 | D:5      | Found a shimmering altar of Xom.
  4390 | D:5      | Found a burning altar of Makhleb.
  4427 | D:5      | Found a snail-covered altar of Cheibriados.
  4446 | D:5      | Found a staircase to the Ecumenical Temple.
  4478 | Temple   | Entered the Ecumenical Temple
  4698 | D:5      | Found a runed translucent gate.
  4698 | D:5      | Found a runed translucent gate.
  4698 | D:5      | Found a runed translucent gate.
  4731 | D:5      | You pick up a book of Vapours and begin reading...
  4731 | D:5      | You add the spells Poisonous Vapours and Cigotuvi's
                  | Dreadful Rot to your library.
  4739 | D:5      | Noticed a wraith
  4754 | D:5      | Killed a wraith
  4755 | D:5      | Gained mutation: Your demonic aura sometimes causes spilled
                  | blood to erupt in flames. [demonic ancestry]
  4755 | D:5      | Reached XP level 8. HP: 53/65 MP: 8/8
  4761 | D:5      | Noticed Zvl3's ghost (novice MiMo)
  4844 | D:5      | Reached skill level 7 in Fighting
  5277 | D:6      | You pick up a book of Callings and begin reading...
  5277 | D:6      | You add the spells Summon Small Mammal, Call Canine
                  | Familiar and Summon Guardian Golem to your library.
  5283 | D:6      | Found a runed translucent gate.
  5285 | D:6      | Identified the +10 plate armour "Qush" {rPois Will- Regen+
                  | Str+7}
  5288 | D:6      | Found a runed translucent gate.
  5288 | D:6      | Found a runed translucent gate.
  5289 | D:6      | Noticed valliere's ghost (novice KoEn)
  5339 | D:6      | Reached skill level 7 in Axes
  5578 | D:6      | Reached skill level 8 in Fighting
  5822 | D:6      | Found a radiant altar of Vehumet.
  5834 | D:6      | Got Vehumet's Codex of Hurting
  5972 | D:6      | Found an ancient bone altar of Kikubaaqudgha.
  5983 | D:6      | Reached skill level 8 in Axes
  5993 | D:6      | Found a shimmering blue altar of Sif Muna.
  6087 | D:6      | You pick up a book of Burglary and begin reading...
  6087 | D:6      | You add the spells Passwall, Ensorcelled Hibernation and
                  | Swiftness to your library.
  6285 | D:7      | Gained mutation: You are surrounded by a moderate repulsion
                  | field. (EV +3) [demonic ancestry]
  6285 | D:7      | Reached XP level 9. HP: 75/75 MP: 9/9
  6471 | D:7      | Reached skill level 9 in Fighting
  6923 | D:7      | HP: 18/74 [wight/+4 battleaxe (4)]
  7285 | D:7      | Reached skill level 9 in Axes
  7417 | D:7      | Found Lippog's Assorted Antiques.
  7423 | D:7      | Bought a scroll labelled MANIEQ NAMEY for 28 gold pieces
  7893 | D:8      | Reached skill level 10 in Fighting
  8219 | D:8      | Found a flagged portal.
  8234 | Bailey   | Entered a bailey
  8443 | Bailey   | Reached XP level 10. HP: 74/86 MP: 11/11
  8642 | Bailey   | Reached skill level 10 in Axes
  9099 | Bailey   | Noticed an orc knight
  9106 | Bailey   | Killed an orc knight
  9107 | Bailey   | Reached skill level 11 in Fighting
  9179 | D:8      | Acquired a +3 executioner's axe of flaming
  9475 | D:8      | Found Porroypt's Antique Weapon Shop.
  9598 | D:8      | Reached skill level 1 in Armour
  9700 | D:8      | Reached skill level 2 in Armour
  9838 | D:9      | Paralysed by a hornet for 1 turns
  9841 | D:9      | Reached skill level 3 in Armour
  9841 | D:9      | HP: 19/87 [killer bee (7)]
  9846 | D:9      | HP: 13/87 [poisoned by a killer bee]
 10200 | D:9      | Reached skill level 4 in Armour
 10201 | D:9      | Noticed a two-headed ogre
 10202 | D:9      | Noticed a two-headed ogre
 10219 | D:8      | Killed a two-headed ogre
 10220 | D:8      | Reached skill level 11 in Axes
 10220 | D:8      | Reached skill level 5 in Armour
 10329 | D:9      | Killed a two-headed ogre
 10330 | D:9      | Reached skill level 6 in Armour
 10343 | D:9      | Gained mutation: You have hoof-like feet. [demonic
                  | ancestry]
 10343 | D:9      | Reached XP level 11. HP: 67/93 MP: 12/12
 10362 | D:9      | Paralysed by a hornet for 3 turns
 10696 | D:9      | Reached skill level 7 in Armour
 10970 | D:10     | Entered Level 10 of the Dungeon
 11073 | D:10     | Found a staircase to the Lair.
 11188 | D:10     | Noticed Snorg
 11194 | D:10     | Killed Snorg
 11195 | D:10     | Reached skill level 8 in Armour
 11260 | D:10     | Reached skill level 12 in Axes
 11533 | D:10     | Reached skill level 9 in Armour
 11687 | D:11     | Found a radiant altar of Vehumet.
 11750 | D:11     | Acquired the +2 pair of gloves of the Irksome God {rElec}
 11839 | D:11     | Reached skill level 10 in Armour
 12108 | D:11     | Found Xenlamy's Assorted Antiques.
 12137 | D:11     | Bought a scroll labelled PUETHR LIDWYL for 27 gold pieces
 12137 | D:11     | Bought a fizzy blue potion for 24 gold pieces
 12257 | D:12     | Noticed a green ugly thing
 12260 | D:12     | Noticed a two-headed ogre
 12261 | D:12     | Killed a green ugly thing
 12270 | D:12     | Killed a two-headed ogre
 12271 | D:12     | Reached skill level 13 in Axes
 12271 | D:12     | Reached skill level 11 in Armour
 12435 | D:12     | Noticed Maurice
 12440 | D:12     | Killed Maurice
 12441 | D:12     | Reached XP level 12. HP: 100/100 MP: 13/13
 12545 | D:12     | Found a staircase to the Orcish Mines.
 12554 | D:12     | HP: 24/100 [fire elemental[a deep elf pyromancer] (6)]
 13082 | Orc:1    | Entered Level 1 of the Orcish Mines
 13083 | Orc:1    | Noticed Erolcha
 13244 | Lair:1   | Entered Level 1 of the Lair of Beasts
 13264 | Lair:1   | Reached skill level 14 in Axes
 13727 | D:7      | Bought a dazzling plate armour for 784 gold pieces
 13727 | D:7      | Identified the +6 plate armour "Gagroyra" {Dex+4} (You
                  | bought it in a shop on level 7 of the Dungeon)
 14513 | Lair:2   | Reached skill level 15 in Axes
 14565 | Lair:2   | Found a staircase to the Swamp.
 14579 | Lair:2   | Noticed a death yak
 14579 | Lair:2   | Noticed a death yak
 14580 | Lair:2   | Noticed a death yak
 14592 | Lair:2   | Killed a death yak
 14596 | Lair:2   | Killed a death yak
 14600 | Lair:2   | Killed a death yak
 15565 | Lair:3   | Noticed a boulder beetle
 15573 | Lair:3   | Killed a boulder beetle
 15574 | Lair:3   | Gained mutation: Your hexes are more powerful. [demonic
                  | ancestry]
 15574 | Lair:3   | Reached XP level 13. HP: 104/106 MP: 14/14
 15578 | Lair:3   | Reached skill level 16 in Axes
 15760 | Lair:3   | Found a staircase to the Snake Pit.
 16460 | Lair:3   | You pick up a book of the Sky and begin reading...
 16460 | Lair:3   | You add the spells Summon Lightning Spire, Storm Form and
                  | Maxwell's Capacitive Coupling to your library.
 16681 | Lair:4   | Found a viscous altar of Jiyva.
 16682 | Lair:4   | Found a staircase to the Slime Pits.
 16850 | Lair:4   | Reached skill level 17 in Axes
 17116 | Lair:4   | Found a frozen archway.
 17128 | IceCv    | Entered an ice cave
 17203 | IceCv    | You pick up a book of Annihilations and begin reading...
 17203 | IceCv    | You add the spells Chain Lightning, Fire Storm and Shatter
                  | to your library.
 17385 | IceCv    | HP: 24/106 [ice statue/shard of ice (4)]
 17675 | IceCv    | You add the spells Ozocubu's Armour and Ozocubu's
                  | Refrigeration to your library.
 18590 | Lair:4   | You add the spells Gell's Gravitas, Teleport Other and
                  | Dispersal to your library.
 18857 | Lair:4   | Became a worshipper of Jiyva Jaulecs the Shapeless
 18891 | Lair:5   | Entered Level 5 of the Lair of Beasts
 18938 | Lair:5   | Reached skill level 18 in Axes
 19285 | Lair:5   | Gained mutation: You have hooves in place of feet. [demonic
                  | ancestry]
 19285 | Lair:5   | Reached XP level 14. HP: 106/113 MP: 15/15
 19760 | Lair:5   | Reached skill level 19 in Axes
 19832 | Lair:5   | Reached * piety under Jiyva
 20006 | Lair:5   | HP: 26/113 [death yak simulacrum[a necromancer] (23)]
 20229 | Lair:5   | Reached skill level 20 in Axes
 20918 | Orc:1    | Noticed Fannar
 20925 | Orc:1    | Killed Erolcha
 20928 | Orc:1    | Killed Fannar
 20962 | Orc:1    | Noticed an orc warlord
 20976 | Orc:1    | HP: 21/114 [orc warlord/+2 war axe of freezing (9)]
 20977 | Orc:1    | Mangled by an orc warlord

Vanquished Creatures
  4 dire elephants (Lair:5)
  Snorg (D:10)
  Fannar (Orc:1)
  4 hydras (Lair:5)
  Erolcha (Orc:1)
  A catoblepas (Lair:4)
  A boulder beetle (Lair:3)
  3 two-headed ogres
  An anaconda (Lair:5)
  13 death yaks
  2 spectral death yaks (Lair:5)
  A spectral anaconda (Lair:5)
  4 necromancers (Lair:5)
  An orc knight (Bailey)
  A deep elf pyromancer (D:12)
  2 ugly things
  A manticore (D:11)
  2 cyclopes
  Maurice (D:12)
  21 elephants
  11 black mambas
  3 ice statues (IceCv)
  An unseen horror (D:12)
  A torpor snail (Lair:5)
  9 cane toads
  A rime drake (Lair:5)
  12 komodo dragons
  A gargoyle (D:12)
  A freezing wraith (IceCv)
  An anaconda simulacrum (IceCv)
  3 trolls
  A polar bear (Lair:5)
  2 hornets (D:9)
  10 blink frogs (Lair:5)
  A dire elephant simulacrum (IceCv)
  3 shadows
  3 wyverns
  5 wraiths
  2 basilisks
  A vampire (D:12)
  41 yaks
  A steam dragon (D:7)
  4 vampire mosquitoes (D:12)
  A death yak simulacrum (Lair:5)
  A harpy simulacrum (IceCv)
  24 water moccasins
  18 orc warriors
  A black bear (D:5)
  14 wolves
  3 ogres
  An elephant zombie (Lair:5)
  4 ice beasts
  An elephant skeleton (Lair:5)
  4 centaurs
  Blork the orc (D:4)
  A kobold brigand (D:7)
  13 bullfrogs
  A gnoll sergeant (D:9)
  3 cane toad simulacra
  2 scorpions (D:5)
  21 wights
  5 killer bees (D:9)
  An elephant simulacrum (IceCv)
  2 howler monkeys (D:9)
  6 orc priests
  2 hounds
  4 jellies
  3 gnoll boudas
  3 iguanas
  20 orc wizards
  Natasha (twice) (D:4)
  4 wolf simulacra
  2 polar bear simulacra
  26 gnolls
  6 adders
  2 white imps (D:5)
  2 ufetubi (D:6)
  4 worms
  2 dart slugs (D:1)
  52 orcs
  7 ball pythons
  6 bats
  15 endoplasms
  3 giant cockroaches
  8 goblins
  11 hobgoblins
  3 jackals (D:2)
  3 quokkas (D:1)
  3 frilled lizards (D:1)
  9 kobolds
  5 rats
519 creatures vanquished.

Vanquished Creatures (others)
  An orc priest (D:12)
  5 jellies (Lair:5)
  An endoplasm (D:4)
  41 fungi
  50 plants
  25 withered plants (Lair:5)
123 creatures vanquished.

Grand Total: 642 creatures vanquished

Table legend:
 A = Non-vault XP
 B = Vault XP
 C = Vault XP percentage of total XP
 D = Non-vault monster count
 E = Vault monster count
 F = Vault count percentage of total count
                 A         B        C        D         E       F
            +---------+---------+-------+---------+---------+-------
      Total |   67251 |   26839 |  28.5 |     406 |     113 |  21.8
            +---------+---------+-------+---------+---------+-------
        D:1 |      38 |       0 |   0.0 |      21 |       0 |   0.0
        D:2 |      99 |       0 |   0.0 |      25 |       0 |   0.0
        D:3 |     222 |       0 |   0.0 |      33 |       0 |   0.0
        D:4 |     103 |     132 |  56.2 |      12 |       2 |  14.3
        D:5 |     602 |     431 |  41.7 |      18 |       5 |  21.7
        D:6 |     651 |     431 |  39.8 |      15 |       8 |  34.8
        D:7 |    1712 |       0 |   0.0 |      32 |       0 |   0.0
        D:8 |    2500 |       7 |   0.3 |      28 |       4 |  12.5
        D:9 |    3188 |       0 |   0.0 |      28 |       0 |   0.0
       D:10 |    3160 |     967 |  23.4 |      20 |       1 |   4.8
       D:11 |    3665 |       2 |   0.1 |      17 |       1 |   5.6
       D:12 |    5748 |    1159 |  16.8 |      20 |      12 |  37.5
     Lair:1 |    4140 |       0 |   0.0 |      17 |       0 |   0.0
     Lair:2 |    5439 |     153 |   2.7 |      20 |       1 |   4.8
     Lair:3 |    4329 |    2708 |  38.5 |      16 |      10 |  38.5
     Lair:4 |    9221 |     115 |   1.2 |      24 |       8 |  25.0
     Lair:5 |   22117 |   13353 |  37.6 |      54 |      23 |  29.9
      Orc:1 |     317 |    1756 |  84.7 |       6 |       2 |  25.0
     Bailey |       0 |    2382 | 100.0 |       0 |      21 | 100.0
      IceCv |       0 |    3243 | 100.0 |       0 |      15 | 100.0
            +---------+---------+-------+---------+---------+-------

Illustrated notes

Table legend:
 A = Kills in this place as a percentage of kills in entire the game.
 B = Kills by you in this place as a percentage of kills by you in the entire game.
 C = Kills by friends in this place as a percentage of kills by friends in the entire game.
 D = Other kills in this place as a percentage of other kills in the entire game.
 E = Experience gained in this place as a percentage of experience gained in the entire game.
 F = Experience gained in this place divided by the number of levels of this place that you have seen.
                   A       B       C       D       E      F
               +-------+-------+-------+-------+-------+----------------------
         Total | 100.0 | 100.0 |   N/A | 100.0 | 100.0 | 4480.5
       Dungeon |  58.2 |  58.1 |   N/A | 100.0 |  26.4 | 2068.1
          Lair |  33.3 |  33.4 |   N/A |   0.0 |  65.4 | 12315.0
  Orcish Mines |   1.5 |   1.5 |   N/A |   0.0 |   2.2 | 2073.0
        Bailey |   4.0 |   4.1 |   N/A |   0.0 |   2.5 | 2382.0
      Ice Cave |   2.9 |   2.9 |   N/A |   0.0 |   3.4 | 3243.0
               +-------+-------+-------+-------+-------+----------------------

Table legend: (Time is in decaauts)
 A = Elapsed time spent in this place.
 B = Non-inter-level travel time spent in this place.
 C = Inter-level travel time spent in this place.
 D = Time resting spent in this place.
 E = Time spent auto-exploring this place.
 F = Levels seen in this place.
 G = Mean time per level.
                   A        B        C        D        E       F      G
               +--------+--------+--------+--------+--------+-----+--------+
         Total |  21192 |  20252 |    940 |   2342 |  14434 |  21 | 1009.1 |
       Dungeon |  12913 |  12279 |    634 |   1551 |   8613 |  12 | 1076.1 |
        Temple |    168 |    151 |     17 |      0 |    140 |   1 |  168.0 |
          Lair |   6290 |   6001 |    289 |    161 |   4999 |   5 | 1258.0 |
  Orcish Mines |     66 |     66 |      0 |      1 |     25 |   1 |   66.0 |
        Bailey |    982 |    982 |      0 |     54 |    657 |   1 |  982.0 |
      Ice Cave |    770 |    770 |      0 |    574 |      0 |   1 |  770.0 |
               +--------+--------+--------+--------+--------+-----+--------+

Top non-repeatable levels by time:
  Lair:5: 1780 daAuts
     D:7: 1665 daAuts
  Lair:4: 1481 daAuts
     D:8: 1445 daAuts
     D:1: 1373 daAuts
  Lair:3: 1150 daAuts
  Lair:2: 1108 daAuts
     D:3: 1089 daAuts
     D:6: 1049 daAuts
    D:10: 1034 daAuts
  Bailey: 982 daAuts
    D:12: 975 daAuts
     D:4: 959 daAuts
     D:9: 905 daAuts
     D:5: 892 daAuts
